 Dungeon Crawl Stone Soup version 0.30-a0-121-gb27577e5d9 (webtiles) character file.

Game seed: 15256470810806389155

693 ytrimaz the Grave Robber (level 7, -8/46 HPs)
             Began as a Mummy Necromancer on Sept 14, 2022.
             Mangled by an ogre
             ... wielding a +0 giant spiked club
              (20 damage)
             ... on level 5 of the Dungeon.
             The game lasted 00:08:03 (4698 turns).

ytrimaz the Grave Robber (Mummy Necromancer)        Turns: 4698, Time: 00:08:03

Health: -8/46      AC:  3    Str: 17    XL:     7   Next: 37%
Magic:  13/16      EV: 12    Int: 16    God:
Gold:   143        SH:  0    Dex: 13    Spells: 10/18 levels left

rFire   x . .      SeeInvis .    i - +1 dagger (elec)
rCold   + . .      Faith    +    (no shield)
rNeg    + + +      Spirit   .    a - +0 robe
rPois   ∞          Reflect  .    (no helmet)
rElec   .          Harm     .    (no cloak)
rCorr   .          Rampage  .    d - +0 pair of gloves
Will    .....                    (no boots)
Stlth   ++........               (no amulet)
HPRegen 0.15/turn                b - +6 ring of strength
MPRegen 0.15/turn                (no ring)

@: no status effects
A: cold resistance 1, negative energy resistance 3, torment resistance 2, heat
vulnerability 1, in touch with death 1, no potions, faith
a: no special abilities


You were on level 5 of the Dungeon.
You visited 1 branch of the dungeon, and saw 5 of its levels.

You collected 143 gold pieces.


Innate Abilities, Weirdness & Mutations

You are immune to poison.
Your flesh is cold resistant. (rC+)
You are immune to negative energy. (rN+++)
You are immune to unholy pain and torment.
You are vulnerable to heat. (rF-)
You are in touch with the powers of death.
You do not drink.
You have a special connection with the divine. (Faith)


   Skills:
 - Level 1.5 Dodging
 - Level 1.5 Stealth
 + Level 6.2 Spellcasting
 * Level 7.8 Necromancy


You had 10 spell levels left.
You knew the following spells:

 Your Spells              Type           Power      Damage    Failure   Level
a - Necrotise             Necr           100%       1d9       1%          1
b - Vampiric Draining     Necr           45%        2d9       1%          3
c - Animate Dead          Necr           45%        N/A       5%          4

Your spell library contained the following spells:

 Spells                   Type           Power      Damage    Failure   Level
 Magic Dart               Conj           16%        1d3       14%         1
 Shock                    Conj/Air       16%        1d4       14%         1
 Sting                    Tmut/Pois      16%        1d3       14%         1
 Agony                    Necr           45%        N/A       16%         5
 Blink                    Tloc           8%         N/A       21%         2
 Poisonous Vapours        Pois/Air       8%         N/A       21%         2
 Searing Ray              Conj           8%         2d4       21%         2
 Kindle Blastsparks       Fire/Tloc/Air  8%         2d10      38%         3
 Lesser Beckoning         Tloc           4%         N/A       38%         3
 Swiftness                Air            4%         N/A       38%         3
 Airstrike                Air            2%         2d(1-17)  80%         4
 Fulminant Prism          Conj/Hex       2%         3d6       80%         4
 Iskenderun's Mystic Bla  Conj/Tloc      4%         2d3       80%         4
 Manifold Assault         Tloc           4%         N/A       80%         4
 Olgreb's Toxic Radiance  Pois           4%         N/A       80%         4
 Lee's Rapid Deconstruct  Erth           2%         3d5*      98%         5
 Haunt                    Necr/Summ      13%        N/A       100%        7
 Infestation              Necr           22%        N/A       100%        8

Inventory:

Hand Weapons
 i - a +1 dagger of electrocution (weapon)
   (You took it off a kobold on level 3 of the Dungeon)
Armour
 a - a +0 robe (worn)
 d - a +0 pair of gloves (worn)
   (You found it on level 1 of the Dungeon)
Jewellery
 b - a +6 ring of strength (left hand)
   (You found it on level 4 of the Dungeon)
Wands
 c - a wand of acid (2)
   (You found it on level 2 of the Dungeon)
 g - a wand of paralysis (8)
   (You found it on level 3 of the Dungeon)
 k - a wand of mindburst (16) (quivered)
   (You found it on level 4 of the Dungeon)
Scrolls
 e - 2 scrolls of identify
 f - a scroll of magic mapping
 h - a scroll of enchant armour
 j - a scroll of vulnerability

Dungeon Overview and Level Annotations

Branches:
Dungeon (5/15) Zot: 25295
 Temple: D:4-7

Altars:
Ashenzari
Cheibriados
Ru
Trog
Xom

Annotations:
D:4 Duvessa

#............#..
#............#
#............#
###....#########
#..........
#.######### #.#
#O# #@# #.# #.#
#.# #.# #.# #..
###


You could see an ogre.


Message History

Press: ? - help, Shift-Dir - straight line, f - quokka
Aim: a quokka (asleep, chance to affect: 93%)
You feel a surge of power!
The quokka writhes in agony!
You kill the quokka!
The dead are hopping!
The ufetubus shouts!
The ufetubus hits you. x2; The ufetubus barely misses you.
The ufetubus hits you. 😕 HP[-6] MP[-1]
You take 6 damage, and now have 40/46 hp.
You lost 1 mp, and now have 15/16 mp.
Unknown command.
You closely miss the ufetubus.
The ufetubus hits you but does no damage.
The ufetubus hits you. 😕 HP[-3]
You take 3 damage, and now have 37/46 hp.
You barely miss the ufetubus. The ufetubus barely misses you. x2
The ufetubus hits you but does no damage. x2
An ogre comes into view. It is wielding a +0 giant spiked club.
Unknown command.
The ogre shouts!
You hit the ufetubus. The ufetubus misses you. The ufetubus hits you. 😮 HP[-4]
You take 4 damage, and now have 33/46 hp.
You barely miss the ufetubus. The ufetubus barely misses you.
The ufetubus hits you but does no damage.
The ufetubus misses you. The ufetubus hits you. 😮 HP[-2]
You take 2 damage, and now have 31/46 hp.
You hit the ufetubus. The ufetubus closely misses you.
The ufetubus barely misses you.
You hit the ufetubus but do no damage. The ufetubus barely misses you.
The ufetubus closely misses you.
Your quokka skeleton barely misses the ufetubus.
The ufetubus closely misses you.
The ufetubus hits you but does no damage. 😮 MP[+1]
Your mp is fully restored (16).
The ufetubus hits you. x2
Your quokka skeleton misses the ufetubus. 😮 HP[-4]
You take 4 damage, and now have 27/46 hp.
The ufetubus hits you.
* * * LOW HITPOINT WARNING * * *
The ufetubus closely misses you.
The ufetubus hits you but does no damage.
The ufetubus misses you.
Your quokka skeleton bites the ufetubus but does no damage. 😨 HP[-4]
You take 4 damage, and now have 23/46 hp.
The ufetubus hits your quokka skeleton. x2
Your quokka skeleton is destroyed! 😮 HP[+1]
The ufetubus barely misses you. The ufetubus completely misses you.
The ufetubus attacks as you move away! The ufetubus misses you.
The ufetubus closely misses you. The ufetubus closely misses you.
The ufetubus hits you but does no damage.
The ufetubus hits you.
* * * LOW HITPOINT WARNING * * *
The ufetubus closely misses you. x2; The ufetubus hits you.
* * * LOW HITPOINT WARNING * * *
😨 HP[-6]
You take 6 damage, and now have 18/46 hp. 😨 HP[+1]
The ufetubus attacks as you move away! The ufetubus hits you.
* * * LOW HITPOINT WARNING * * *
The ufetubus barely misses you. The ufetubus closely misses you.
The ufetubus misses you. 😨 HP[-4]
You take 4 damage, and now have 15/46 hp.
You can't drink.
Okay, then.
You barely miss the ufetubus. The ufetubus misses you.
The ufetubus barely misses you. The ufetubus hits you.
* * * LOW HITPOINT WARNING * * *
The ufetubus hits you.
* * * LOW HITPOINT WARNING * * *
😨 HP[-3]
You take 3 damage, and now have 12/46 hp.
Unknown command.
You barely miss the ufetubus.
The ufetubus hits you but does no damage.
The ufetubus hits you.
* * * LOW HITPOINT WARNING * * *
😱 HP[-2]
You take 2 damage, and now have 10/46 hp.
Unknown command.
You miss the ufetubus. You punch the ufetubus.
You kill the ufetubus!
Casting: Necrotise (safe; 1% risk of failure)
Confirm with . or Enter, or press ? or * to list all spells.
Aiming: Vampiric Draining (safe; 1% risk of failure)
Press: ? - help, Shift-Dir - straight line, f - ogre
Aim: an ogre, wielding a +0 giant spiked club You feel a surge of power!
You draw life force from the ogre.
You feel life coursing into your body.
The ogre hits you with a +0 giant spiked club!!
You die...

Skill      XL: |  1  2  3  4  5  6  7 |
---------------+----------------------+-----
Spellcasting   | 3 4 5 6 |  6.2
Necromancy     | 5 6 7 |  7.8
Dodging        | |  1.5
Stealth        | |  1.5

Action                   |  1- 3 |  4- 6 |  7- 9 || total
-------------------------+-------+-------+-------++-------
Melee: Unarmed           |    14 |     2 |       ||    16
       Punch             |     1 |       |     1 ||     2
       Dagger            |       |       |    14 ||    14
 Cast: Necrotise         |    51 |    51 |    20 ||   122
       Vampiric Draining |       |    21 |    10 ||    31
  Use: Scroll            |     3 |     6 |       ||     9
Armor: Robe              |     5 |    27 |    11 ||    43
Dodge: Dodged            |    14 |    49 |    47 ||   110

Levels and vault maps discovered:
D:1:      minmay_arrival_widening_spiral_wide, layout_rooms,
          hellmonk_ecumenical_altar_run_dry
D:2:      layout_loops_ring
D:3:      layout_basic, grunt_temple_overflow_open, uniq_sigmund
D:4:      layout_gridville, minmay_misc_feat_tower, lightli_minifort,
          uniq_duvessa, uniq_grinder
D:5:      layout_basic, nicolae_kite_square_tiling_tiny

Notes
Turn   | Place    | Note
-------+----------+-------------------------------------------
     0 | D:1      | ytrimaz the Mummy Necromancer began the quest for the Orb.
     0 | D:1      | Reached XP level 1. HP: 13/13 MP: 4/4
     0 | D:1      | magus.rc [v1.9.6]
    34 | D:1      | You pick up a book of Death and begin reading...
    34 | D:1      | You add the spells Haunt and Infestation to your library.
    60 | D:1      | You pick up a book of Conjurations and begin reading...
    60 | D:1      | You add the spells Magic Dart, Searing Ray and Fulminant
                  | Prism to your library.
    94 | D:1      | Found a faded altar of an unknown god.
   176 | D:1      | Reached skill level 3 in Spellcasting
   217 | D:1      | Reached XP level 2. HP: 19/19 MP: 0/6
  1035 | D:2      | Gained mutation: You are in touch with the powers of death.
                  | [Mummy growth]
  1035 | D:2      | Reached XP level 3. HP: 24/24 MP: 0/7
  1039 | D:2      | Learned a level 3 spell: Vampiric Draining
  1199 | D:2      | You fall into a shaft and drop 2 floors!
  1206 | D:4      | Reached skill level 5 in Necromancy
  1209 | D:4      | You add the spells Sting, Poisonous Vapours and Olgreb's
                  | Toxic Radiance to your library.
  1414 | D:4      | Reached XP level 4. HP: 30/30 MP: 5/9
  1417 | D:4      | Noticed Dowan
  1418 | D:4      | Noticed Duvessa
  1454 | D:2      | HP: 7/30 [jackal (1)]
  1693 | D:2      | You pick up a book of Blasting and begin reading...
  1693 | D:2      | You add the spells Kindle Blastsparks, Iskenderun's Mystic
                  | Blast and Lee's Rapid Deconstruction to your library.
  1968 | D:2      | You pick up a book of Spatial Translocations and begin
                  | reading...
  1968 | D:2      | You add the spells Blink, Lesser Beckoning and Manifold
                  | Assault to your library.
  2214 | D:2      | Reached skill level 4 in Spellcasting
  2532 | D:3      | Found a broken altar of Ashenzari.
  2532 | D:3      | Found a sacrificial altar of Ru.
  2533 | D:3      | Found a bloodstained altar of Trog.
  2535 | D:3      | Found a snail-covered altar of Cheibriados.
  2535 | D:3      | Found a shimmering altar of Xom.
  2603 | D:3      | Learned a level 4 spell: Animate Dead
  2709 | D:3      | Noticed an ice beast
  2719 | D:3      | Killed an ice beast
  2720 | D:3      | Reached skill level 6 in Necromancy
  2720 | D:3      | Reached XP level 5. HP: 24/35 MP: 0/11
  2987 | D:2      | Reached XP level 6. HP: 24/41 MP: 4/13
  3117 | D:3      | Reached skill level 5 in Spellcasting
  3418 | D:3      | HP: 9/41 [orc/+0 hand axe (4)]
  3419 | D:3      | Noticed Sigmund
  3749 | D:3      | Killed Sigmund
  3750 | D:3      | Reached skill level 7 in Necromancy
  3750 | D:3      | Reached XP level 7. HP: 38/46 MP: 0/15
  4332 | D:4      | Reached skill level 6 in Spellcasting
  4460 | D:4      | Killed Dowan
  4620 | D:4      | You pick up a book of Air and begin reading...
  4620 | D:4      | You add the spells Shock, Swiftness and Airstrike to your
                  | library.
  4671 | D:5      | Entered Level 5 of the Dungeon
  4696 | D:5      | HP: 10/46 [ufetubus (2)]
  4698 | D:5      | Mangled by an ogre

Vanquished Creatures
  Sigmund (D:3)
  An ice beast (D:3)
  An ogre (D:4)
  Dowan (D:4)
  3 orc priests
  A hound (D:4)
  An orc wizard (D:3)
  2 gnolls
  4 adders
  An ufetubus (D:5)
  3 dart slugs
  7 orcs
  8 ball pythons
  10 bats
  4 endoplasms
  3 giant cockroaches
  7 goblins
  3 hobgoblins
  4 jackals
  8 kobolds
  A quokka (D:5)
  4 frilled lizards
  2 rats
80 creatures vanquished.

Vanquished Creatures (collateral kills)
  A dart slug (D:1)
  A ball python (D:1)
2 creatures vanquished.

Grand Total: 82 creatures vanquished

Table legend:
 A = Non-vault XP
 B = Vault XP
 C = Vault XP percentage of total XP
 D = Non-vault monster count
 E = Vault monster count
 F = Vault count percentage of total count
                 A         B        C        D         E       F
            +---------+---------+-------+---------+---------+-------
      Total |     674 |     316 |  31.9 |      80 |       2 |   2.4
            +---------+---------+-------+---------+---------+-------
        D:1 |      39 |       0 |   0.0 |      19 |       0 |   0.0
        D:2 |     112 |       0 |   0.0 |      21 |       0 |   0.0
        D:3 |     316 |     247 |  43.9 |      23 |       1 |   4.2
        D:4 |     197 |      69 |  25.9 |      15 |       1 |   6.2
        D:5 |      10 |       0 |   0.0 |       2 |       0 |   0.0
            +---------+---------+-------+---------+---------+-------

Illustrated notes

Table legend:
 A = Kills in this place as a percentage of kills in entire the game.
 B = Kills by you in this place as a percentage of kills by you in the entire game.
 C = Kills by friends in this place as a percentage of kills by friends in the entire game.
 D = Other kills in this place as a percentage of other kills in the entire game.
 E = Experience gained in this place as a percentage of experience gained in the entire game.
 F = Experience gained in this place divided by the number of levels of this place that you have seen.
                   A       B       C       D       E      F
               +-------+-------+-------+-------+-------+----------------------
         Total | 100.0 | 100.0 | 100.0 |   N/A | 100.0 | 198.0
       Dungeon | 100.0 | 100.0 | 100.0 |   N/A | 100.0 | 198.0
               +-------+-------+-------+-------+-------+----------------------

Table legend: (Time is in decaauts)
 A = Elapsed time spent in this place.
 B = Non-inter-level travel time spent in this place.
 C = Inter-level travel time spent in this place.
 D = Time resting spent in this place.
 E = Time spent auto-exploring this place.
 F = Levels seen in this place.
 G = Mean time per level.
                   A        B        C        D        E       F      G
               +--------+--------+--------+--------+--------+-----+--------+
         Total |   4703 |   4557 |    146 |    665 |   3018 |   5 |  940.6 |
       Dungeon |   4703 |   4557 |    146 |    665 |   3018 |   5 |  940.6 |
               +--------+--------+--------+--------+--------+-----+--------+

Top non-repeatable levels by time:
     D:3: 1569 daAuts
     D:2: 1373 daAuts
     D:1: 1025 daAuts
     D:4: 708 daAuts
     D:5: 26 daAuts
